 Dungeon Crawl Stone Soup version 0.29.1-13-g9f3cf754e1 (webtiles) character file.

Game seed: 15686370873843052626

179509 bjubeck the Warrior (level 17, -12/160 HPs)
             Began as a Minotaur Fighter on Feb 3, 2023.
             Was a High Priest of Okawaru.
             Mangled by a rockslime (34 damage)
             ... while paralysed by a great orb of eyes
             ... on level 2 of the Pits of Slime on Feb 6, 2023.
             The game lasted 01:57:09 (21476 turns).

bjubeck the Warrior (Minotaur Fighter)             Turns: 21476, Time: 01:57:10

Health: -12/160    AC: 21    Str: 27    XL:     17   Next: 29%
Magic:  23/23      EV:  2    Int:  5    God:    Okawaru [*****.]
Gold:   1466       SH:  0    Dex: 17    Spells: 16/16 levels left

rFire   + + +      SeeInvis +   B - +8 war axe "Orb Guardian's Bane" {flame, +Blink rC+ Dex+5 SInv}
rCold   + + .      Faith    .   Y - +2 tower shield
rNeg    . . .      Spirit   .   c - +3 plate armour {rPois}
rPois   +          Reflect  +   S - +2 hat of Tom Jev {rElec rF++}
rElec   +          Harm     .   x - scarf {rC+ rF+}
rCorr   +          Rampage  +   p - +0 pair of gloves
Will    +....                   k - +2 pair of boots {rampage}
Stlth   ..........              O - amulet of reflection
HPRegen 0.36/turn               b - ring of resist corrosion
MPRegen 0.18/turn               U - +4 ring of protection

@: paralysed, heroic, corroded, unable to drink
A: horns 2, retaliatory headbutt, deformed body, wild magic 1, inability to
drink after injury 1
}: 1/15 runes: gossamer
a: Renounce Religion, Evoke Blink, Heroism, Finesse, Duel


You were on level 2 of the Pits of Slime.
You worshipped Okawaru.
Okawaru was extremely pleased with you.
You visited 6 branches of the dungeon, and saw 26 of its levels.
You also visited: Ossuary.

You collected 2237 gold pieces.
You spent 771 gold pieces at shops.

Inventory:

Hand Weapons
 B - the +8 war axe "Orb Guardian's Bane" (weapon) {flame, +Blink rC+ Dex+5 SInv}
   (Okawaru gifted it to you on level 2 of the Orcish Mines)

   It burns those it strikes, dealing additional fire damage.
   Big, fiery blades are also staple armaments of hydra-hunters.
   Dex:       It affects your dexterity (+5).
   rC:        It protects you from cold.
   SInv:      It lets you see invisible.
   +Blink:    It lets you blink.
 F - the +8 flail of the Pariah {flame, rN++ Str-4}
   (You found it on level 4 of the Spider Nest)

   It burns those it strikes, dealing additional fire damage.
   Str:       It affects your strength (-4).
   rN:        It greatly protects you from negative energy.
Missiles
 i - a boomerang (quivered)
 w - 6 atropa-tipped darts
 I - 5 poisoned darts
Armour
 c - a +3 plate armour of poison resistance (worn)
 k - a +2 pair of boots of rampaging (worn)
 p - a +0 pair of gloves (worn)
 x - a scarf of resistance (worn)
 S - the +2 hat of Tom Jev (worn) {rElec rF++}
   (You found it on level 4 of the Spider Nest)

   rF:        It greatly protects you from fire.
   rElec:     It insulates you from electricity.
 W - a +1 cloak of stealth
 Y - a +2 tower shield (worn)
Jewellery
 b - a ring of resist corrosion (left hand)
 f - an amulet of regeneration
 q - an amulet of the acrobat
 O - an amulet of reflection (around neck)
 P - the ring of Nucou {Fire Str+5}
   (You found it on level 5 of the Lair of Beasts)

   [ring of fire]

   It enhances your fire magic.
   Str:       It affects your strength (+5).
   rF:        It protects you from fire.
   rC:        It makes you vulnerable to cold.
 Q - a ring of flight
 R - a ring of willpower
 U - a +4 ring of protection (right hand)
Wands
 a - a wand of paralysis (13)
 d - a wand of flame (17)
 t - a wand of iceblast (34)
 A - a wand of quicksilver (7)
 N - a wand of digging (6)
 Z - a wand of mindburst (15)
Scrolls
 e - 3 scrolls of immolation {unknown}
 h - 10 scrolls of teleportation
 l - 5 scrolls of butterflies {unknown}
 n - 11 scrolls of identify
 o - 2 scrolls of silence {unknown}
 s - 2 scrolls of torment {unknown}
 y - 3 scrolls of enchant weapon {unknown}
 z - 6 scrolls of magic mapping {unknown}
 C - 6 scrolls of vulnerability
 D - 2 scrolls of noise {unknown}
 H - 5 scrolls of poison {unknown}
 J - 6 scrolls of fear {unknown}
 M - 3 scrolls of enchant armour {unknown}
 T - 3 scrolls of amnesia {unknown}
 V - 5 scrolls of blinking {unknown}
Potions
 g - 6 potions of curing
 j - 3 potions of lignification
 m - 3 potions of berserk rage
 r - 6 potions of ambrosia
 u - 2 potions of brilliance
 v - 2 potions of haste
 E - 4 potions of might
 G - 2 potions of heal wounds
 K - 2 potions of cancellation
 X - a potion of resistance
Miscellaneous
 L - a condenser vane


   Skills:
 + Level 16.7(21.7) Fighting
 + Level 16.5(21.5) Axes
 + Level 3.2(8.2) Throwing
 + Level 16.6(21.6) Armour
 + Level 16.7(21.7) Shields
 - Level 9.7 Invocations
 + Level 8.6 Evocations


You had 16 spell levels left.
You didn't know any spells.
Your spell library contained the following spells:

 Spells                   Type           Power      Damage    Failure   Level
 Freeze                   Ice            0%         1d3       99%         1
 Blink                    Tloc           0%         N/A       100%        2
 Static Discharge         Conj/Air       0%         3-3/arc   100%        2
 Frozen Ramparts          Ice            0%         1d1       100%        3
 Gell's Gravitas          Tloc           0%         N/A       100%        3
 Inner Flame              Hex/Fire       0%         N/A       100%        3
 Lesser Beckoning         Tloc           0%         N/A       100%        3
 Ozocubu's Armour         Ice            0%         N/A       100%        3
 Teleport Other           Tloc           0%         N/A       100%        3
 Cause Fear               Hex            0%         N/A       100%        4
 Dispel Undead            Necr           0%         3d6       100%        4
 Hailstorm                Conj/Ice       0%         3d3       100%        4
 Olgreb's Toxic Radiance  Pois           0%         N/A       100%        4
 Passage of Golubria      Tloc           0%         N/A       100%        4
 Sticky Flame             Conj/Fire      0%         2d3       100%        4
 Manifold Assault         Tloc           0%         N/A       100%        5
 Yara's Violent Unravell  Hex/Tmut       0%         3d3       100%        5
 Dispersal                Tloc           0%         N/A       100%        6
 Ozocubu's Refrigeration  Ice            0%         4d7       100%        7
 Discord                  Hex            0%         N/A       100%        8
 Ignition                 Fire           0%         3d3       100%        8
 Tukima's Dance           Hex            Unusable   N/A       N/A         3

Dungeon Overview and Level Annotations

Branches:
Dungeon (12/15)            Temple (1/1) D:5            Lair (5/5) D:8
 Shoals (0/4) Lair:3       Spider (4/4) Lair:3        Slime (2/5) Lair:4
    Orc (2/2) D:11            Elf (0/3) Orc:2       Ossuary (visited)

Altars:
Cheibriados
Dithmenos
Elyvilon
Fedhas
Gozag
Hepliaklqana
Nemelex Xobeh
Okawaru
Qazlal
Ru
Sif Muna
Trog
Uskayaw
Vehumet
Wu Jian
Xom
Zin
The Shining One
Jiyva

Shops:
D:4 :   D:8 [*   D:10 (   Orc:2 (=*([

Annotations:
D:9 4 transporters
Spider:2 exclusion: oklob plant


Innate Abilities, Weirdness & Mutations

You have a pair of horns on your head.
You reflexively headbutt those who attack you in melee.
Armour fits poorly on your strangely shaped body.
Your spells are a little harder to cast, but a little more powerful.
You occasionally lose the ability to drink potions when taking damage.


Message History

The splash of acid hits you. You resist.
You slice the acid blob!! You burn the acid blob.
Your hands burn!
You headbutt the acid blob.
The acid blob is almost dead.
You hit the rockslime but do no damage. You block the rockslime's attack.
A slime creature comes into view.
The acid blob hits you!
You are splashed with acid.
You resist.
You hit the acid blob. You burn the acid blob.
Your hands burn!
The acid blob is almost dead.
You hit the rockslime. You block the rockslime's attack.
The great orb of eyes gazes at you.
You suddenly lose the ability to move!
The acid blob spits acid at you. The splash of acid hits you. You resist.
The acid corrodes you! The rockslime hits you!!
You are shoved backwards!
The acid blob spits acid at you. The splash of acid hits you. You resist.
The acid corrodes you! The large slime creature hits you!!
The great orb of eyes gazes at you.
You struggle to resist.
Two slime creatures merge to form a very large slime creature.
The rockslime hits you!!
You are shoved backwards!
The rockslime hits you!
* * * LOW HITPOINT WARNING * * *
You are shoved backwards!
Found a stone staircase leading down.
The slime creature hits you but does no damage.
You are splashed with acid.
* * * LOW HITPOINT WARNING * * *
The rockslime barely misses you.
Two slime creatures merge to form a large slime creature.
The slime creature hits you.
* * * LOW HITPOINT WARNING * * *
Two slime creatures merge to form a very large slime creature.
You are splashed with acid.
* * * LOW HITPOINT WARNING * * *
The rockslime hits you!
* * * LOW HITPOINT WARNING * * *
You are shoved backwards!
The rockslime hits you!!
You feel threatened and lose the ability to drink potions!
You die...

## ...... .#.#
#......
....####....... #..
....#........ #...
............
##...####..........
#.......##.........
.........#.@.......
.......G..J......>.
.........JJJ.......
.........JJ........
#.....<...........
#..........#.....#
##................
##........#.#....
#..<..#..####..


You could see an acid blob, a great orb of eyes, 2 very large slime creatures, 2
slime creatures and a rockslime.

Vanquished Creatures
  Rupert (Orc:2)
  2 acid blobs
  Frances (Lair:3)
  Agnes (Lair:3)
  11 emperor scorpions
  Louise (Spider:3)
  An orc warlord (D:11)
  3 ghost moths
  A quicksilver ooze (Slime:1)
  Azrael (Spider:1)
  4 entropy weavers
  A spark wasp (Spider:3)
  The ghost of AverageBear the Protected, a journeyman DsFi of Gozag (Lair:5)
  A fire dragon (Lair:5)
  5 hydras
  Fannar (D:11)
  6 boulder beetles
  A catoblepas (Lair:5)
  4 jorogumos
  A radroach (Spider:2)
  3 two-headed ogres
  3 death yaks (Lair:5)
  Sonja (D:11)
  3 orc high priests (Orc:2)
  A sun moth (Spider:2)
  7 pharaoh ants
  2 lindwurms
  6 orb spiders
  A swamp dragon (Lair:5)
  6 orc knights
  18 wolf spiders
  7 steelbarb worms
  4 orc sorcerers (Orc:2)
  4 moths of wrath
  2 shining eyes (Slime:1)
  2 elephants (Lair:5)
  2 manticores (Lair:5)
  3 torpor snails
  A black mamba (Lair:5)
  17 cane toads
  7 demonic crawlers
  A kobold demonologist (D:10)
  5 rime drakes
  7 komodo dragons
  3 polar bears
  2 burning bushes (Lair:3)
  5 trolls
  6 meliai
  2 hornets
  14 tarantellas
  25 blink frogs
  11 slime creatures
  A snapping turtle (Lair:3)
  3 dream sheep (Lair:5)
  2 wraiths
  35 yaks
  25 jumping spiders
  16 culicivoras
  3 wyverns
  2 basilisks (Lair:5)
  51 redbacks
  5 fire elementals (Spider:1)
  Menkaure (D:7)
  4 steam dragons
  3 wargs
  2 acid dragons
  11 water moccasins
  3 hell hounds (Spider:1)
  23 orc warriors
  Duvessa (D:4)
  3 ice beasts
  A swamp drake (Lair:5)
  A boulder beetle simulacrum (Lair:5)
  2 black bears
  A black mamba simulacrum (Lair:5)
  12 centaurs
  A sky beast (D:7)
  5 ogres
  A wolf (Lair:5)
  An elf zombie (Ossuary)
  2 phantoms (D:6)
  2 kobold brigands
  11 bullfrogs
  4 scorpions
  A cane toad simulacrum (Lair:5)
  8 wights (D:8)
  Dowan (D:4)
  A dream sheep simulacrum (Lair:5)
  9 killer bees
  2 electric eels (Lair:3)
  A torpor snail simulacrum (Lair:5)
  4 human zombies (Ossuary)
  6 hounds
  11 orc priests
  3 gnoll boudas
  6 iguanas
  19 orc wizards
  3 hound zombies (Ossuary)
  3 mummies (Ossuary)
  12 adders
  10 gnolls
  2 white imps
  2 adder zombies (Ossuary)
  A worm (D:3)
  A dart slug (D:4)
  43 orcs
  6 bats
  7 endoplasms
  2 giant cockroaches
  10 goblins
  10 hobgoblins
  11 jackals
  2 quokkas
  3 training dummies (D:10)
  7 ball pythons
  3 frilled lizards
  5 goblin zombies (Ossuary)
  4 hobgoblin zombies (Ossuary)
  6 jackal zombies (Ossuary)
  12 kobolds
  2 kobold zombies (Ossuary)
  3 orc zombies (Ossuary)
  A quokka zombie (Ossuary)
  4 rats
  3 rat zombies (Ossuary)
717 creatures vanquished.

Vanquished Creatures (others)
  A shadow (D:12)
  A basilisk (Lair:5)
  16 fungi
  19 plants
37 creatures vanquished.

Grand Total: 754 creatures vanquished

Notes
Turn   | Place    | Note
-------+----------+-------------------------------------------
     0 | D:1      | bjubeck the Minotaur Fighter began the quest for the Orb.
     0 | D:1      | Reached XP level 1. HP: 19/19 MP: 0/0
   109 | D:1      | Reached XP level 2. HP: 22/27 MP: 1/1
   357 | D:1      | Found a faded altar of an unknown god.
   510 | D:1      | Reached XP level 3. HP: 33/33 MP: 2/2
  1011 | D:2      | Reached XP level 4. HP: 41/41 MP: 3/3
  1499 | D:3      | Found an opulent altar of Gozag.
  1682 | D:4      | Reached XP level 5. HP: 39/47 MP: 4/4
  1816 | D:4      | Reached skill level 5 in Fighting
  1873 | D:4      | Noticed Duvessa
  1873 | D:4      | Noticed Dowan
  1882 | D:4      | Killed Duvessa
  1883 | D:4      | Reached skill level 5 in Armour
  1883 | D:4      | Reached skill level 5 in Shields
  1883 | D:4      | Reached XP level 6. HP: 46/56 MP: 5/5
  1886 | D:4      | Killed Dowan
  2170 | D:4      | Found Hiexid's Book Boutique.
  2208 | D:4      | Reached skill level 5 in Axes
  2459 | D:4      | Reached XP level 7. HP: 62/62 MP: 6/6
  2511 | D:5      | Entered Level 5 of the Dungeon
  2779 | D:5      | Found a radiant altar of Vehumet.
  2781 | D:5      | Found a shimmering altar of Xom.
  2781 | D:5      | Found a hazy altar of Hepliaklqana.
  2782 | D:5      | Found a shadowy altar of Dithmenos.
  2782 | D:5      | Found a sacrificial altar of Ru.
  3006 | D:5      | Found a staircase to the Ecumenical Temple.
  3015 | Temple   | Entered the Ecumenical Temple
  3042 | Temple   | Became a worshipper of Warmaster Okawaru
  3115 | D:5      | Found a sand-covered staircase.
  3123 | Ossuary  | Entered an ossuary
  3288 | Ossuary  | Reached XP level 8. HP: 71/71 MP: 7/7
  3335 | Ossuary  | Reached skill level 1 in Invocations
  3532 | D:5      | Reached * piety under Okawaru
  3669 | D:5      | Found a blossoming altar of Fedhas.
  4151 | D:6      | Found a stormy altar of Qazlal.
  4361 | D:6      | Reached ** piety under Okawaru
  4521 | D:7      | Reached XP level 9. HP: 79/79 MP: 10/10
  4781 | D:7      | Noticed Menkaure
  4788 | D:7      | Killed Menkaure
  4894 | D:7      | Identified the +2 plate armour "Plog" {Harm Str+4 Dex-5}
  5661 | D:8      | Reached *** piety under Okawaru
  5669 | D:8      | Identified the +2 scale mail of the Fife {Will++ Int-2}
  5863 | D:8      | Reached XP level 10. HP: 84/90 MP: 12/12
  5894 | D:8      | Found a staircase to the Lair.
  5934 | D:8      | Found Cosaow's Antique Armour Shoppe.
  5937 | D:8      | Bought a glowing tower shield for 225 gold pieces
  6195 | D:8      | Found Xoacir's Lightly-Used Armoury.
  6272 | D:9      | Found a transporter.
  6280 | D:9      | Found a transporter.
  6303 | D:9      | Noticed a two-headed ogre
  6315 | D:9      | Reached skill level 5 in Invocations
  6315 | D:9      | Killed a two-headed ogre
  6315 | D:9      | Reached **** piety under Okawaru
  6323 | D:9      | Found a transporter.
  6866 | D:9      | Found a transporter.
  7436 | D:10     | Entered Level 10 of the Dungeon
  7530 | D:10     | Noticed a two-headed ogre
  7543 | D:10     | Killed a two-headed ogre
  7656 | D:10     | Found Yjerapug's Firing Range.
  7666 | D:10     | Noticed a sun demon
  7835 | D:10     | Found a glowing golden altar of the Shining One.
  7855 | D:10     | Reached ***** piety under Okawaru
  7973 | D:10     | Reached skill level 10 in Armour
  8088 | D:10     | Reached skill level 10 in Fighting
  8088 | D:10     | Reached skill level 10 in Shields
  8325 | D:11     | Noticed Sonja
  8346 | D:11     | Killed Sonja
  8495 | D:11     | Reached XP level 11. HP: 97/99 MP: 14/14
  8586 | D:11     | Noticed a boulder beetle
  8657 | D:11     | Killed a boulder beetle
  8672 | D:11     | Noticed Fannar
  8711 | D:11     | Killed Fannar
  8711 | D:11     | Received a gift from Okawaru
  8712 | D:11     | Reached skill level 10 in Axes
  8728 | D:11     | Found a staircase to the Orcish Mines.
  8806 | D:11     | Noticed a two-headed ogre
  8818 | D:11     | Killed a two-headed ogre
  8821 | D:11     | Found a bloodstained altar of Trog.
  8822 | D:11     | Noticed a boulder beetle
  8899 | D:11     | Killed a boulder beetle
  9358 | D:12     | HP: 5/101 [enormous slime creature (43)]
  9619 | Lair:1   | Entered Level 1 of the Lair of Beasts
  9619 | Lair:1   | Noticed a seven-headed hydra
  9818 | Orc:1    | Entered Level 1 of the Orcish Mines
  9830 | Orc:1    | Found a radiant altar of Vehumet.
  9947 | Orc:1    | Received a gift from Okawaru
  9993 | Orc:1    | Noticed an orc warlord
 10025 | D:11     | Killed an orc warlord
 10204 | Orc:2    | Entered Level 2 of the Orcish Mines
 10204 | Orc:2    | Noticed an orc knight
 10204 | Orc:2    | Noticed an orc knight
 10250 | Orc:1    | Killed an orc knight
 10322 | Orc:1    | Killed an orc knight
 10323 | Orc:1    | Reached XP level 12. HP: 110/110 MP: 16/16
 10386 | Orc:2    | Found Nanlur's Antique Weapon Shop.
 10409 | Orc:2    | Found a staircase to the Elven Halls.
 10853 | Orc:2    | Noticed Rupert
 10870 | Orc:2    | Killed Rupert
 10870 | Orc:2    | Identified the +8 war axe "Orb Guardian's Bane" {flame,
                  | +Blink rC+ Dex+5 SInv} (Okawaru gifted it to you on level 2
                  | of the Orcish Mines)
 10870 | Orc:2    | Received a gift from Okawaru
 11026 | Orc:2    | Noticed an orc high priest
 11026 | Orc:2    | Noticed an orc high priest
 11026 | Orc:2    | Noticed an orc high priest
 11084 | Orc:2    | Killed an orc high priest
 11090 | Orc:2    | Killed an orc high priest
 11188 | Orc:2    | Killed an orc high priest
 11448 | Orc:2    | Found Cubbamiv's Armour Emporium.
 11448 | Orc:2    | Found Cetwaarphue's Weapon Emporium.
 11449 | Orc:2    | Found Pohusmy's General Store.
 11449 | Orc:2    | Found Tukoe's Jewellery Shop.
 11482 | Orc:2    | Bought a +3 plate armour of poison resistance for 546 gold
                  | pieces
 12110 | Lair:1   | Noticed a six-headed hydra
 12115 | Lair:1   | Killed a three-headed hydra
 12203 | Lair:1   | Noticed a four-headed hydra
 12212 | Lair:1   | Killed a one-headed hydra
 12323 | Lair:1   | Reached XP level 13. HP: 119/119 MP: 18/18
 12352 | Lair:1   | Received a gift from Okawaru
 14312 | Lair:3   | Reached skill level 1 in Evocations
 14634 | Lair:3   | Found a staircase to the Shoals.
 14954 | Lair:3   | Found a hole to the Spider Nest.
 15236 | Lair:4   | Found a viscous altar of Jiyva.
 15236 | Lair:4   | Found a staircase to the Slime Pits.
 15620 | Lair:4   | You fall into a shaft and drop 1 floor!
 15620 | Lair:5   | Entered Level 5 of the Lair of Beasts
 15724 | Lair:5   | Received a gift from Okawaru
 15795 | Lair:5   | Reached XP level 14. HP: 130/130 MP: 13/20
 16147 | Lair:5   | Received a gift from Okawaru
 16158 | Lair:5   | Found a runed translucent gate.
 16158 | Lair:5   | Found a runed translucent gate.
 16158 | Lair:5   | Found a runed translucent gate.
 16415 | Lair:5   | Identified the +1 ring mail of Lugonu's Approval {*Corrode
                  | rElec rPois Str+4}
 16475 | Lair:5   | Identified the +0 pair of gloves of Inetwats {Harm rN+}
                  | (Okawaru gifted it to you on level 5 of the Lair of Beasts)
 16475 | Lair:5   | Received a gift from Okawaru
 16648 | Lair:5   | Noticed AverageBear's ghost (journeyman DsFi)
 16743 | Lair:5   | Killed AverageBear's ghost
 16777 | Lair:5   | Got the ring of Nucou {Fire Str+5}
 16881 | Spider:1 | Entered Level 1 of the Spider Nest
 16899 | Spider:1 | Noticed Agnes
 16899 | Spider:1 | Noticed an emperor scorpion
 16908 | Lair:3   | Killed Agnes
 16927 | Spider:1 | Noticed a ghost moth
 16935 | Spider:1 | Killed an emperor scorpion
 16936 | Spider:1 | Reached skill level 5 in Evocations
 16940 | Spider:1 | Killed a ghost moth
 16978 | Spider:1 | Noticed Frances
 16995 | Lair:3   | Killed Frances
 17477 | Spider:1 | Reached skill level 15 in Armour
 17477 | Spider:1 | Reached skill level 15 in Shields
 17523 | Spider:1 | Reached skill level 15 in Fighting
 17654 | Spider:1 | Noticed Azrael
 17670 | Spider:1 | Killed Azrael
 17672 | Spider:1 | Reached XP level 15. HP: 122/141 MP: 14/21
 17755 | Spider:1 | Received a gift from Okawaru
 18001 | Spider:2 | Reached skill level 15 in Axes
 18077 | Spider:2 | Noticed an emperor scorpion
 18127 | Spider:2 | Killed an emperor scorpion
 18319 | Spider:2 | Received a gift from Okawaru
 19141 | Spider:4 | Entered Level 4 of the Spider Nest
 19327 | Spider:4 | Reached XP level 16. HP: 151/151 MP: 20/22
 19516 | Spider:4 | Noticed Louise
 19537 | Spider:3 | Killed Louise
 19812 | Spider:4 | Received a gift from Okawaru
 20114 | Spider:4 | Identified the +8 flail of the Pariah {flame, rN++ Str-4}
 20247 | Spider:4 | Reached skill level 1 in Throwing
 20386 | Spider:4 | Reached XP level 17. HP: 159/159 MP: 20/23
 20712 | Spider:4 | Received a gift from Okawaru
 20942 | Spider:4 | Identified the +2 hat of Tom Jev {rElec rF++}
 20977 | Spider:4 | Got a gossamer rune of Zot
 21220 | Slime:1  | Entered Level 1 of the Pits of Slime
 21220 | Slime:1  | Noticed an acid blob
 21235 | Lair:4   | Killed an acid blob
 21235 | Lair:4   | Received a gift from Okawaru
 21249 | Slime:1  | Noticed an acid blob
 21265 | Slime:1  | Killed an acid blob
 21265 | Slime:1  | Received a gift from Okawaru
 21285 | Slime:1  | Gained mutation: Your spells are a little harder to cast,
                  | but a little more powerful. [a shining eye]
 21289 | Slime:1  | Gained mutation: You occasionally lose the ability to drink
                  | potions when taking damage. [a shining eye]
 21291 | Slime:1  | Gained mutation: Armour fits poorly on your strangely
                  | shaped body. [a shining eye]
 21459 | Slime:2  | Noticed an acid blob
 21471 | Slime:2  | Paralysed by a great orb of eyes for 5 turns
 21476 | Slime:2  | Mangled by a rockslime

Illustrated notes

Levels and vault maps discovered:
D:1:      wander_arrival_desolate, layout_rooms, serial_curves, eino_curves_04,
          eino_curves_01, eino_curves_03, eino_curves_01,
          shapermc_ecumenical_altar_petra, minmay_misc_feat_tiny
D:2:      layout_basic
D:3:      layout_rooms, mainiacjoe_overflow_paths
D:4:      layout_loops_corners, serial_shops, kennysheep_little_box,
          uniq_duvessa
D:5:      layout_rooms, mainiacjoe_overflow_concentric_impassable,
          grunt_temple_overflow_open, lemuel_temple_firewalk_b,
          serial_corexii_hall, corexii_hall_statues_x, corexii_hall_statues_i,
          corexii_hall_statues_i, corexii_hall_statues_x,
          chequers_ossuary_entry_cave, st_stairs_12
D:6:      layout_rooms, grunt_qazlal_clouds, kennysheep_generic_room_7
D:7:      layout_basic, minivault_22, uniq_menkaure
D:8:      layout_loops_cross, dpeg_oklobed_lair, serial_shops,
          nicolae_shop_statue_plus, minmay_shop_damaged
D:9:      layout_stronghold, serial_co_window_serial, co_window_corner_a,
          co_window_paths_a, co_window_paths_a, co_window_corner_a,
          co_window_of_opportunity_a, co_window_unsneaky_path_b,
          co_window_2corner, co_window_of_opportunity_c, co_window_sun,
          co_window_4corner_a, nicolae_transporter_intersection
D:10:     layout_roguey, tso_metal_star, nicolae_shop_firing_range
D:11:     layout_roguey, orc_0_dummy, chequers_serial_rivers_small_3,
          trog_ov_bears_minmay, uniq_sonja, uniq_fannar
D:12:     layout_roguey, special_room [special_room_bee],
          gauntlet_entry_generic, hellmonk_guarded_unrand_gong, uniq_urug
Temple:   hellmonk_temple_forest_ring
Lair:1:   layout_layer_cave, infiniplex_staircase_pool
Lair:2:   layout_small_grid
Lair:3:   statuecave_lemuel, layout_gridlike, minmay_shoals_entry_hut,
          spider_nest_entry_webs, evilmike_ambush [evilmike_ambush_outer_basic,
          evilmike_ambush_inner_basic]
Lair:4:   layout_layer_cave, dpeg_slime_entry_enclosed
Lair:5:   guppyfry_lair_end_dragon, layout_big_grid, hangedman_lair_in_review,
          gammafunk_ghost_icy, chequers_serial_rivers_micro_b
Spider:1: layout_spider_delve, uniq_azrael, uniq_frances, uniq_agnes
Spider:2: spider_temple_joshua, nicolae_spider_spiderdrome
Spider:3: layout_spider_delve
Spider:4: grunt_spider_rune_circles, nicolae_spider_cling_ruins,
          nicolae_spider_claw_tunnel, uniq_louise
Slime:1:  layout_caves
Slime:2:  layout_caves
Orc:1:    layout_caves, basic_altar
Orc:2:    st_orc_elflike, layout_caves, serial_shops,
          nicolae_shop_window_shopping, uniq_rupert

Skill      XL: |  1  2  3  4  5  6  7  8  9 10 11 12 13 14 15 16 17 |
---------------+----------------------------------------------------+-----
Armour         | 4 5 6 7 8 10 11 12 13 15 16 | 16.6
Shields        | 4 5 6 7 8 10 11 12 13 15 16 | 16.7
Fighting       | 4 5 6 7 8 10 11 12 13 15 16 | 16.7
Axes           | 3 4 5 7 8 9 11 12 13 14 15 16 | 16.5
Invocations    | 3 4 6 7 9 |  9.7
Evocations     | 3 5 7 8 |  8.6
Throwing       | 1 3 |  3.2

Action                   |  1- 3 |  4- 6 |  7- 9 | 10-12 | 13-15 | 16-18 || total
-------------------------+-------+-------+-------+-------+-------+-------++-------
Melee: War axe           |    70 |   110 |   380 |   120 |   833 |   250 ||  1763
       Headbutt          |     9 |    17 |    79 |   154 |   213 |    88 ||   560
       Hand axe          |       |       |       |   392 |       |       ||   392
       Broad axe         |       |       |       |   102 |       |       ||   102
Throw: Dart              |       |       |    27 |     3 |       |     4 ||    34
       Boomerang         |       |       |    18 |    64 |    20 |    66 ||   168
       Javelin           |       |       |       |       |     1 |       ||     1
Invok: Heroism           |       |       |     6 |    31 |    36 |    13 ||    86
       Finesse           |       |       |       |     6 |    23 |     2 ||    31
 Abil: Evoke Blink       |       |       |       |     1 |       |       ||     1
Evoke: Wand              |       |       |       |     1 |       |       ||     1
  Use: Potion            |       |     1 |       |     2 |     3 |     1 ||     7
       Scroll            |       |       |       |     6 |    10 |       ||    16
 Stab: Petrified         |       |       |       |       |     7 |       ||     7
       Held in net/web   |       |       |       |       |     1 |       ||     1
Armor: Scale mail        |    25 |    57 |   189 |   181 |       |       ||   452
       Plate armour      |       |       |       |     8 |   227 |   111 ||   346
Dodge: Dodged            |    41 |    48 |   143 |   136 |   103 |    51 ||   522
Block: Buckler           |    17 |    26 |    90 |       |       |       ||   133
       Tower shield      |       |       |       |   618 |   770 |   388 ||  1776
       Reflection        |       |       |       |       |     8 |     5 ||    13
